 Dungeon Crawl Stone Soup version 0.29-a0-322-g68df515428 (webtiles) character file.

Game seed: 8614544652786445028

1101 experimilk the Chopper (level 8, -10/64 HPs)
             Began as a Palentonga Fighter on Apr 8, 2022.
             Was a Follower of Qazlal.
             Mangled by a cyclops (26 damage)
             ... on level 7 of the Dungeon.
             The game lasted 00:22:12 (8304 turns).

experimilk the Chopper (Palentonga Fighter)         Turns: 8304, Time: 00:22:13

Health: -10/64     AC: 15    Str: 21    XL:     8   Next: 10%
Magic:  10/10      EV:  5    Int: 10    God:    Qazlal [*.....]
Gold:   235        SH:  6    Dex:  9    Spells: 7/7 levels left

rFire   . . .      SeeInvis +   u - +0 whip
rCold   . . .      Faith    .   c - +1 buckler
rNeg    . . .      Spirit   .   v - +0 chain mail
rPois   .          Reflect  .   (no helmet)
rElec   .          Harm     .   (no cloak)
rCorr   .          Rampage  .   (no gloves)
Will    +....                   (no barding)
Stlth   ..........              (no amulet)
HPRegen 0.20/turn               f - ring of willpower
MPRegen 0.12/turn               (no ring)

@: curled up
A: large, rugged brown scales 3, see invisible, deformed body, roll 1, armoured
tail, reflexive curl
a: Rolling Charge, Renounce Religion


You were on level 7 of the Dungeon.
You worshipped Qazlal.
Qazlal was aware of your devotion.
You visited 2 branches of the dungeon, and saw 8 of its levels.

You collected 235 gold pieces.

Inventory:

Hand Weapons
 a - a +0 war axe
 u - a +0 whip (weapon)
Missiles
 g - 2 throwing nets
 w - 10 poisoned darts (quivered)
Armour
 b - a +0 scale mail
 c - a +1 buckler (worn)
 n - a +0 ring mail
 v - a +0 chain mail (worn)
 x - a +0 chain mail
Jewellery
 f - a ring of willpower (left hand)
 q - a ring of magical power
Wands
 t - a wand of iceblast (6)
Scrolls
 d - a scroll of acquirement {unknown}
 h - a scroll of silence {unknown}
 j - a scroll of enchant weapon {unknown}
 m - 2 scrolls of fog {unknown}
 p - 2 scrolls of immolation {unknown}
 r - a scroll of vulnerability {unknown}
 s - 2 scrolls of enchant armour
 y - 3 scrolls of brand weapon {unknown}
Potions
 e - a potion of cancellation
 k - 3 potions of attraction
 o - a potion of brilliance


   Skills:
 + Level 4.0 Fighting
 - Level 6.0(7.2) Axes
 * Level 5.9(7.1) Maces & Flails
 - Level 3.0 Armour
 - Level 2.4 Shields
 + Level 2.9 Invocations


You had 7 spell levels left.
You didn't know any spells.
Your spell library contained the following spells:

 Spells                   Type           Power      Damage    Failure   Level
 Scorch                   Fire           0%         2d5       100%        2
 Flame Wave               Conj/Fire      0%         2d4       100%        4
 Summon Cactus Giant      Summ           0%         N/A       100%        6


Dungeon Overview and Level Annotations

Branches:
Dungeon (7/15)             Temple (1/1) D:4

Altars:
Ashenzari
Cheibriados
Dithmenos
Elyvilon
Fedhas
Gozag
Hepliaklqana
Kikubaaqudgha
Makhleb
Nemelex Xobeh
Okawaru
Qazlal
Ru
Trog
Uskayaw
Vehumet
Wu Jian
Xom
Yredelemnul
Zin
The Shining One

Shops:
D:5 (   D:6 (


Innate Abilities, Weirdness & Mutations

You are completely covered in rugged brown scales. (AC +3, +7% HP)
You have supernaturally acute eyesight. (SInv)
Armour fits poorly on your strangely shaped body.
You can roll at nearby foes to attack.
You have a long armoured tail.
You curl defensively after being hit. (AC +7*)


Message History

You start resting.
You start resting.
HP restored.
You start waiting.
Done waiting.
Found 8 stones.
You open the door.
There is an open door here.
Found a helmet.
An iguana comes into view.
The iguana hisses angrily.
A cyclops comes into view.
Found 11 stones.
The cyclops shouts!
You see here 8 stones.
Roll where?
Press: ? - help, Dir - move target, f - cyclops
Aim: a cyclops, quivering large rocks You roll forward with a clatter of scales!
You hit the cyclops.
The cyclops is lightly wounded.
You hear a loud, deep croak!
You hit the cyclops. You tail-slap the cyclops.
The cyclops is moderately wounded.
The cyclops completely misses you.
You hit the cyclops but do no damage. You tail-slap the cyclops.
The cyclops is moderately wounded.
A bullfrog comes into view.
The bullfrog gives a loud, deep croak!
You hit the cyclops.
The cyclops is moderately wounded.
The cyclops hits you!! The iguana bites you!
You hit the cyclops but do no damage.
Your tail-slap misses the cyclops.
The cyclops is moderately wounded.
The iguana bites you!
* * * LOW HITPOINT WARNING * * *
You hit the cyclops.
The cyclops is heavily wounded.
The cyclops hits you!!
You die...

+. ....... #.#.#
#.# ....... ....#
+.#.# ...(... #...#
#.#.# ....... #...#
#.#.# ....... #...#
#.#.## .......
#...#
#.#.F##.......
#...#
+####+.#lC.........
#...#
.......#@###....[..
#...+########'.#
#######
##............(#
#......########
########


You could see a cyclops, a bullfrog and an iguana.

Vanquished Creatures
  2 sky beasts
  5 scorpions
  A kobold brigand (D:6)
  2 orc priests
  2 hounds (D:5)
  3 iguanas
  2 orc wizards
  3 gnolls (D:6)
  7 adders
  An ufetubus (D:5)
  A worm (D:4)
  3 dart slugs
  5 orcs
  2 ball pythons
  4 endoplasms
  4 giant cockroaches
  7 goblins
  7 hobgoblins
  3 jackals (D:2)
  6 quokkas
  3 training dummies (D:6)
  4 bats
  3 frilled lizards (D:3)
  12 kobolds
  4 rats
96 creatures vanquished.

Vanquished Creatures (collateral kills)
  An ice beast (D:5)
  An iguana (D:5)
  A white imp (D:5)
3 creatures vanquished.

Grand Total: 99 creatures vanquished

Notes
Turn   | Place    | Note
-------+----------+-------------------------------------------
     0 | D:1      | experimilk the Palentonga Fighter began the quest for the
                  | Orb.
     0 | D:1      | Reached XP level 1. HP: 19/19 MP: 1/1
   167 | D:1      | Reached XP level 2. HP: 22/25 MP: 2/2
   268 | D:1      | Reached skill level 3 in Axes
   437 | D:1      | Found a faded altar of an unknown god.
   496 | D:2      | You fall into a shaft and drop 2 floors!
   784 | D:2      | Reached XP level 3. HP: 22/31 MP: 3/3
  1146 | D:2      | Reached skill level 4 in Axes
  1786 | D:3      | Reached XP level 4. HP: 29/37 MP: 4/4
  2479 | D:4      | Noticed a scorpion
  2492 | D:4      | Killed a scorpion
  2493 | D:4      | Reached skill level 5 in Axes
  2493 | D:4      | Reached XP level 5. HP: 20/43 MP: 5/5
  3004 | D:4      | Found a staircase to the Ecumenical Temple.
  3023 | Temple   | Entered the Ecumenical Temple
  3260 | Temple   | Became a worshipper of Qazlal Stormbringer
  3665 | D:5      | Entered Level 5 of the Dungeon
  3686 | D:5      | Reached skill level 6 in Axes
  3686 | D:5      | Found Comah's Weapon Shoppe.
  3878 | D:5      | Reached skill level 1 in Maces & Flails
  3878 | D:5      | Reached XP level 6. HP: 22/50 MP: 6/6
  4099 | D:5      | Noticed an orc warrior
  4105 | D:5      | Noticed a sky beast
  4127 | D:5      | Noticed an ice beast
  4150 | D:5      | Killed an ice beast
  5112 | D:5      | Killed a sky beast
  5113 | D:5      | Gained mutation: You curl defensively after being hit. (AC
                  | +7*) [Palentonga growth]
  5113 | D:5      | Reached XP level 7. HP: 36/55 MP: 7/7
  5429 | D:5      | Reached skill level 1 in Invocations
  5479 | D:5      | Found a hazy altar of Hepliaklqana.
  5479 | D:5      | Found an ornate altar of the Wu Jian Council.
  6429 | D:6      | Reached skill level 5 in Maces & Flails
  7392 | D:6      | Found an iron altar of Okawaru.
  7410 | D:6      | Reached * piety under Qazlal
  7411 | D:6      | Reached XP level 8. HP: 35/64 MP: 8/10
  7844 | D:6      | Found Jaemiw's Firing Range.
  8293 | D:7      | Noticed a cyclops
  8304 | D:7      | Mangled by a cyclops

Illustrated notes

Levels and vault maps discovered:
D:1:      scummos_arrival_gate, layout_rooms,
          shapermc_ecumenical_altar_mp_ritualfount
D:2:      layout_loops_ring
D:3:      layout_loops_ring, amcnicky_mini_pool_small
D:4:      wander_river, layout_gridville, minmay_temple_entry_drinking_statues,
          minmay_misc_feat_nine_boxes
D:5:      layout_basic, gammafunk_temple_overflow_elements, serial_shops,
          nicolae_shop_bloodbath_and_beyond
D:6:      layout_rooms, lemuel_crystal_altar, nicolae_shop_firing_range
D:7:      layout_basic, hangedman_feature_mirror, minivault_11
Temple:   eino_narrow_crystal_temple

Skill      XL: |  1  2  3  4  5  6  7  8 |
---------------+-------------------------+-----
Axes           | 3 4 5 6 |  6.0
Maces & Flails | 1 4 5 |  5.9
Invocations    | 2 |  2.9
Armour         | 3 |  3.0
Fighting       | 4 |  4.0
Shields        | |  2.4

Action                   |  1- 3 |  4- 6 |  7- 9 || total
-------------------------+-------+-------+-------++-------
Melee: War axe           |    99 |    66 |       ||   165
       Tailslap          |     5 |    23 |    26 ||    54
       Whip              |       |    82 |   166 ||   248
Throw: Dart              |       |       |    14 ||    14
 Abil: Rolling Charge    |    26 |    18 |    14 ||    58
Evoke: Wand              |       |       |     2 ||     2
  Use: Scroll            |     1 |     9 |     1 ||    11
       Potion            |       |     3 |     2 ||     5
 Stab: Distracted        |       |     1 |       ||     1
Armor: Scale mail        |     6 |       |       ||     6
       Ring mail         |    43 |    48 |    35 ||   126
       Chain mail        |       |       |    36 ||    36
Dodge: Dodged            |    33 |    58 |    47 ||   138
Block: Buckler           |    19 |    32 |    39 ||    90

Table legend: (Time is in decaauts)
 A = Elapsed time spent in this place.
 B = Non-inter-level travel time spent in this place.
 C = Inter-level travel time spent in this place.
 D = Time resting spent in this place.
 E = Time spent auto-exploring this place.
 F = Levels seen in this place.
 G = Mean time per level.
                   A        B        C        D        E       F      G
               +--------+--------+--------+--------+--------+-----+--------+
         Total |   8339 |   7956 |    383 |   4047 |   2322 |   8 | 1042.4 |
       Dungeon |   8086 |   7717 |    369 |   4047 |   2132 |   7 | 1155.1 |
        Temple |    252 |    238 |     14 |      0 |    190 |   1 |  252.0 |
               +--------+--------+--------+--------+--------+-----+--------+

Top non-repeatable levels by time:
     D:5: 2258 daAuts
     D:6: 1485 daAuts
     D:4: 1484 daAuts
     D:2: 1021 daAuts
     D:3: 926 daAuts
     D:1: 504 daAuts
     D:7: 404 daAuts
  Temple: 252 daAuts
